 Dungeon Crawl Stone Soup version 0.30-a0-4-ga7cffc901d (webtiles) character file.

Game seed: 2161688188896739898

163 Zeldest the Agent of Entropy (level 5, -2/70 HPs)
             Began as a Hill Orc Abyssal Knight on Aug 22, 2022.
             Was a Priest of Lugonu.
             Slain by an orc
             ... wielding a +1 falchion of electrocution
              (13 damage)
             ... on level 3 of the Dungeon.
             The game lasted 00:02:55 (3277 turns).

Zeldest the Agent of Entropy (HOAK)                 Turns: 3277, Time: 00:02:56

Health: -2/70      AC: 22    Str: 24    XL:     5   Next: 44%
Magic:  8/8        EV:  2    Int: 10    God:    Lugonu [***...]
Gold:   194        SH:  0    Dex: 11    Spells: 4/4 levels left

rFire   . . .      SeeInvis .    a - +1 hand axe
rCold   . . .      Faith    .    (no shield)
rNeg    . . .      Spirit   .    (body armour currently unavailable)
rPois   +          Reflect  .    (helmet currently unavailable)
rElec   .          Harm     .    (cloak currently unavailable)
rCorr   .          Rampage  .    (gloves currently unavailable)
Will    .....      NoTele   +    (boots currently unavailable)
Stlth   +.........               (no amulet)
HPRegen 0.21/turn                b - +6 ring of strength
MPRegen 0.11/turn                (no ring)

@: tree-form
A: stationary, stasis, torment immunity, boosted hp
a: Renounce Religion, Depart the Abyss, Bend Space, Banish


You were on level 3 of the Dungeon.
You worshipped Lugonu.
Lugonu was most pleased with you.
You were a tree.
You visited 1 branch of the dungeon, and saw 3 of its levels.
You visited the Abyss 1 time.

You collected 194 gold pieces.

Inventory:

Hand Weapons
 a - a +1 hand axe (weapon)
Armour
 c - a +0 chain mail (melded)
 f - a +1 helmet (melded)
 m - a +0 pair of boots (melded)
Jewellery
 b - a +6 ring of strength (left branch)
 n - a +4 ring of protection
 o - a +6 ring of strength
Scrolls
 d - a scroll of poison {unknown}
 g - a scroll of magic mapping {unknown}
 h - 2 scrolls of identify {unknown}
 i - 2 scrolls of fear {unknown}
 l - 3 scrolls of noise {unknown}
Potions
 e - 2 potions of lignification
 j - 3 potions of degeneration {unknown}
 k - a potion of flight {unknown}
 p - a potion of brilliance {unknown}
 q - 4 potions of curing {unknown}


   Skills:
 + Level 4.4 Fighting
 * Level 4.5 Axes
 + Level 3.1 Armour
 - Level 0.7 Dodging
 * Level 4.6 Invocations


You had 4 spell levels left.
You didn't know any spells.
Your spell library contained the following spells:

 Spells                   Type           Power      Damage    Failure   Level
 Alistair's Intoxication  Tmut/Pois      0%         N/A       100%        5
 Borgnjor's Vile Clutch   Necr/Erth      0%         N/A       100%        5
 Eringya's Noxious Bog    Tmut/Pois      0%         N/A       100%        6


Dungeon Overview and Level Annotations

Branches:
Dungeon (3/15)

Altars:


Message History

You closely miss the orc. x2; The orc barely misses you.
The orc hits you with a +1 falchion of electrocution.
You are electrocuted!
The orc hits you with a +0 hand axe.
The orc throws a boomerang.
The boomerang closely misses you.
The orc throws a boomerang.
The boomerang hits you but does no damage.
The orc throws a boomerang.
The boomerang barely misses you.
The orc throws a boomerang.
The boomerang barely misses you.
The orc throws a boomerang.
The boomerang hits you.
Okay, then.
The orc throws a boomerang.
The boomerang hits you but does no damage.
The orc hits you but does no damage. The orc attacks as you move away!
The orc hits you with a +1 falchion of electrocution.
The orc attacks as you move away! The orc hits you but does no damage.
The orc attacks as you move away! The orc barely misses you.
Press: ? - help, v - describe, . - travel
Here: an orc, wielding a +1 falchion of electrocution and wearing a +0 chain mail The floor.
You aren't carrying any items that you can evoke.
Unknown command.
Okay, then.
Okay, then.
You barely miss the orc. The orc barely misses you.
You barely miss the orc. The orc hits you but does no damage.
You are electrocuted!!
* * * LOW HITPOINT WARNING * * *
It was a potion of lignification.
You turn into a tree.
Your +1 helmet melds into your body.
Your +0 pair of boots melds into your body.
Your +0 chain mail melds into your body.
Your roots penetrate the ground.
The orc hits you but does no damage.
You hit the orc.
The orc is moderately wounded.
The orc hits you but does no damage.
You barely miss the orc.
The orc is moderately wounded.
The orc hits you but does no damage.
You are electrocuted!
You die...

#.......###.## #.#
#...#.....### ###.####
#......#.#.####......#
#....#..#.###.#......#
#.....#..##..##......#
#.........†####......#
#..#...#.######...>..#
#.##..######.........#
#......♣oooo.........#
############.........#
#.........##
######.##..## #.###...
#.# ###o #.# ## #.#
#### ..# #...


You could see 4 orcs.

Vanquished Creatures
  2 orc wizards (D:3)
  3 adders
  A worm (D:3)
  3 dart slugs
  3 orcs (D:3)
  8 endoplasms
  3 giant cockroaches
  8 goblins
  6 hobgoblins
  2 jackals (D:1)
  6 kobolds
  4 quokkas
  7 ball pythons
  7 bats
  2 frilled lizards
  6 rats
71 creatures vanquished.

Notes
Turn   | Place    | Note
-------+----------+-------------------------------------------
     0 | Abyss:1  | Zeldest the Hill Orc Abyssal Knight began the quest for the
                  | Orb.
     0 | Abyss:1  | Reached XP level 1. HP: 19/19 MP: 2/2
     1 | D:1      | Escaped the Abyss
   227 | D:1      | Found a faded altar of an unknown god.
   234 | D:1      | Reached XP level 2. HP: 27/27 MP: 4/4
   788 | D:1      | Reached XP level 3. HP: 27/33 MP: 5/5
  1695 | D:2      | Reached XP level 4. HP: 40/40 MP: 6/6
  2011 | D:2      | Reached *** piety under Lugonu
  2828 | D:3      | Reached XP level 5. HP: 40/46 MP: 8/8
  3277 | D:3      | Slain by an orc

Illustrated notes

Levels and vault maps discovered:
D:1:      lemuel_arrival_river_bridge, layout_loops_corners,
          hellmonk_ecumenical_altar_zigzags
D:2:      layout_basic, roderic_lattice_a
D:3:      layout_rooms, grunt_temple_overflow_cloverleaf,
          minmay_increasing_density

Skill      XL: |  1  2  3  4 |
---------------+-------------+-----
Axes           | 3 4 |  4.5
Invocations    | 3 4 |  4.6
Fighting       | 4 |  4.4
Armour         | 3 |  3.1
Dodging        | |  0.7

Action                   |  1- 3 |  4- 6 || total
-------------------------+-------+-------++-------
Melee: Hand axe          |   119 |   146 ||   265
  Use: Potion            |     1 |     1 ||     2
Armor: Leather armour    |    10 |       ||    10
       Chain mail        |    60 |    98 ||   158
       Skin              |       |     3 ||     3
Dodge: Dodged            |    53 |    62 ||   115

Table legend: (Time is in decaauts)
 A = Elapsed time spent in this place.
 B = Non-inter-level travel time spent in this place.
 C = Inter-level travel time spent in this place.
 D = Time resting spent in this place.
 E = Time spent auto-exploring this place.
 F = Levels seen in this place.
 G = Mean time per level.
                   A        B        C        D        E       F      G
               +--------+--------+--------+--------+--------+-----+--------+
         Total |   3311 |   3279 |     32 |    772 |   1886 |   4 |  827.8 |
       Dungeon |   3310 |   3278 |     32 |    772 |   1886 |   3 | 1103.3 |
         Abyss |      1 |      1 |      0 |      0 |      0 |   1 |    1.0 |
               +--------+--------+--------+--------+--------+-----+--------+

Top non-repeatable levels by time:
     D:1: 1535 daAuts
     D:2: 1101 daAuts
     D:3: 673 daAuts
 Abyss:1: 1 daAuts
